 Dungeon Crawl Stone Soup version 0.29-a0-338-g1ff7896281 (webtiles) character file.

Game seed: 10352890732121887919

3732 HendSelp the Grappler (level 10, -1/76 HPs)
             Began as a Vine Stalker Fighter on Apr 18, 2022.
             Was an Initiate of Gozag.
             Slain by a gnoll
             ... wielding a +0 club
              (3 damage)
             ... on level 9 of the Dungeon.
             The game lasted 00:13:14 (7213 turns).

HendSelp the Grappler (Vine Stalker Fighter)        Turns: 7213, Time: 00:13:17

Health: -1/76      AC: 25    Str: 23    XL:     10   Next: 14%
Magic:  0/11       EV:  2    Int:  8    God:    Gozag
Gold:   626        SH: 10    Dex: 14    Spells: 9/9 levels left

rFire   . . .      SeeInvis .     - Unarmed
rCold   . . .      Faith    .   r - +0 kite shield
rNeg    . . .      Spirit   +   (body armour currently unavailable)
rPois   +          Reflect  .   (helmet currently unavailable)
rElec   .          Harm     .   (cloak currently unavailable)
rCorr   .          Rampage  .   (gloves currently unavailable)
Will    ++...      NoTele   +   (boots currently unavailable)
Stlth   +.........              i - amulet of the acrobat
HPRegen 1.02/turn               c - ring of willpower
MPRegen 0.12/turn               w - ring of poison resistance

@: lethally poisoned (-1 -> -3), tree-form, gold aura, slowed, very slow
A: stationary, stasis, torment immunity, boosted hp, (fangs 3), regeneration 1,
magic shield, (antimagic bite), no potion heal 2
a: Renounce Religion, Potion Petition, Call Merchant, Bribe Branch


You were on level 9 of the Dungeon.
You worshipped Gozag.
Gozag was pleased with you.
You were a tree.
You visited 2 branches of the dungeon, and saw 10 of its levels.
You also visited: Sewer.

You collected 1631 gold pieces.
You spent 172 gold pieces at shops.
You paid 833 gold pieces to Gozag.

Inventory:

Missiles
 d - 2 throwing nets (quivered)
Armour
 a - a +0 scale mail (melded)
 b - a +0 cloak (melded)
 m - a +2 helmet (melded)
 n - a +2 buckler
 r - a +0 kite shield (worn)
 y - a +2 pair of boots of rampaging (melded)
Jewellery
 c - a ring of willpower (left branch)
 i - an amulet of the acrobat (around neck)
 w - a ring of poison resistance (right branch)
Scrolls
 l - 4 scrolls of teleportation
 o - 3 scrolls of amnesia
 p - a scroll of magic mapping
Potions
 e - a potion of heal wounds
 f - 7 potions of curing
 g - 3 potions of magic
 h - a potion of cancellation {unknown}
 j - 2 potions of mutation
 k - a potion of lignification
 q - a potion of resistance {unknown}
 t - a potion of attraction {unknown}
 v - a potion of flight {unknown}
 z - a potion of ambrosia {unknown}


   Skills:
 * Level 5.1 Fighting
 * Level 5.9 Armour
 * Level 3.5 Dodging
 * Level 5.8 Shields
 * Level 9.6 Unarmed Combat


You had 9 spell levels left.
You didn't know any spells.
Your spell library contained the following spells:

 Spells                   Type           Power      Damage    Failure   Level
 Animate Skeleton         Necr           0%         N/A       75%         1
 Apportation              Tloc           0%         N/A       75%         1
 Slow                     Hex            0%         N/A       75%         1
 Summon Small Mammal      Summ           0%         N/A       75%         1
 Confusing Touch          Hex            0%         N/A       98%         3
 Vampiric Draining        Necr           0%         2d6       98%         3


Dungeon Overview and Level Annotations

Branches:
Dungeon (9/15)             Temple (1/1) D:5           Sewer (visited)
   Lair: D:8-11         Orc: D:9-12

Altars:
Cheibriados
Dithmenos
Fedhas
Gozag
Kikubaaqudgha
Makhleb
Nemelex Xobeh
Okawaru
Qazlal
Ru
Sif Muna
Trog
Vehumet
Xom
Yredelemnul
Zin
The Shining One

Shops:
D:8 [

Annotations:
D:3 3 runed translucent doors, Antichthon's ghost, weakling NaWr
D:8 1 runed translucent door
D:9 Grum


Innate Abilities, Weirdness & Mutations

You are a tree.
Your roots penetrate the ground, keeping you stationary.
You cannot be teleported.
You are immune to unholy pain and torment.
Your maximum health is greatly increased.
Your equipment is partially melded.
((You have razor-sharp teeth.))
Your natural rate of healing is unusually fast.
When hurt, damage is shared between your health and your magic reserves.
((Your bite disrupts and absorbs the magic of your enemies.))
Potions cannot restore your health.


Message History

The gnoll sergeant shouts!
A gnoll comes into view. It is wielding a +0 club.
You turn into a tree.
Your +0 cloak melds into your body.
Your +2 helmet melds into your body.
Your +2 pair of boots of rampaging melds into your body.
Your +0 scale mail melds into your body.
You no longer feel able to rampage towards enemies.
Your roots penetrate the ground.
You block the gnoll's attack.
Unknown command.
As you read the scroll labelled KUTEROH QAILI, it crumbles to dust.
You hear a loud clanging noise!
It was a scroll of noise.
The gnoll shouts!
You hear an angry hiss. x2; You hear two shouts!
You hear a shout! x8
The wolf bites you but does no damage. You block the wolf's attack.
You block the gnoll's attack. The wolf bites you but does no damage.
The gnoll hits you but does no damage.
Unknown command.
Unknown command.
Unknown command.
Unknown command.
Unknown command.
Unknown command.
Unknown command.
Unknown command.
Unknown command.
You pummel the gnoll!!
You kill the gnoll!
The wolf bites you!
* * * LOW HITPOINT WARNING * * *
You block the wolf's attack. The wolf bites you but does no damage.
The gnoll sergeant hits you but does no damage.
You are lethally poisoned!
The gnoll hits you but does no damage. You block the wolf's attack.
The wolf is distracted by your dazzling golden aura.
The wolf bites you but does no damage.
The gnoll sergeant hits you but does no damage.
The wolf bites you but does no damage. The gnoll hits you with a +0 club.
You die...
Your body crumbles into a pile of gold.

#.... #.... #...#
#...# ############...#
...............#
............h.# .
...........h♣# ..
#......g.Whg$...8.#
...#.........S..g....#
...............8.g.8.#
.....g...............#
.....S.<...........8.#
......############....
...... .... .....


You could see Grum, a wraith, a water moccasin, a gnoll sergeant, 3 wolves and 2
gnolls.

Vanquished Creatures
  A hornet (D:8)
  Edmund (D:5)
  4 sky beasts
  Pargi (Sewer)
  An orc warrior (D:8)
  4 ice beasts
  3 black bears (D:6)
  2 ogres
  A centaur (D:7)
  Blork the orc (D:4)
  3 phantoms
  2 kobold brigands
  3 necrophages
  A gnoll sergeant (D:7)
  A scorpion (D:4)
  9 wights
  A crimson imp (D:5)
  Crazy Yiuf (D:3)
  An orc priest (D:6)
  4 hounds
  A jelly (D:4)
  Natasha (thrice) (D:3)
  6 orc wizards
  12 gnolls
  5 adders
  A shadow imp (D:6)
  2 white imps (D:6)
  2 worms
  5 dart slugs
  21 orcs
  7 ball pythons
  5 endoplasms
  4 giant cockroaches
  3 goblins
  2 hobgoblins (D:2)
  2 jackals (D:1)
  15 kobolds
  6 quokkas
  4 frilled lizards (D:1)
  2 hobgoblin zombies (D:5)
  2 kobold skeletons (D:5)
  2 orc skeletons (D:5)
  An orc zombie (D:5)
  5 rats
163 creatures vanquished.

Vanquished Creatures (collateral kills)
  2 gnolls (D:7)
2 creatures vanquished.

Vanquished Creatures (others)
  2 fungi (D:3)
  2 plants (D:3)
4 creatures vanquished.

Grand Total: 169 creatures vanquished

Notes
Turn   | Place    | Note
-------+----------+-------------------------------------------
     0 | D:1      | HendSelp the Vine Stalker Fighter began the quest for the
                  | Orb.
     0 | D:1      | Reached XP level 1. HP: 11/11 MP: 2/2
   250 | D:1      | Reached XP level 2. HP: 9/16 MP: 1/3
  1271 | D:1      | Found a faded altar of an unknown god.
  1307 | D:1      | Reached XP level 3. HP: 19/19 MP: 4/4
  1627 | D:2      | Identified a scroll of acquirement
  1627 | D:2      | Acquired 699 gold pieces
  1662 | D:2      | Found a stormy altar of Qazlal.
  2273 | D:3      | Gained mutation: Your natural rate of healing is unusually
                  | fast. [Vine Stalker growth]
  2273 | D:3      | Reached XP level 4. HP: 24/24 MP: 5/5
  2324 | D:3      | Found a runed translucent gate.
  2324 | D:3      | Found a runed translucent gate.
  2324 | D:3      | Found a runed translucent gate.
  2326 | D:3      | Noticed Antichthon's ghost (weakling NaWr)
  2328 | D:3      | Noticed a kobold brigand
  2397 | D:3      | Found a runed translucent door.
  2398 | D:3      | Noticed Crazy Yiuf
  2519 | D:3      | Found a glowing drain.
  2524 | Sewer    | Entered a sewer
  2552 | Sewer    | Noticed Pargi
  2573 | Sewer    | Killed Pargi
  2574 | Sewer    | Reached skill level 1 in Dodging
  2574 | Sewer    | Reached skill level 3 in Unarmed Combat
  2574 | Sewer    | Reached XP level 5. HP: 25/28 MP: 4/6
  2716 | D:3      | Noticed Natasha
  2728 | D:3      | Killed Natasha
  2794 | D:3      | Noticed Natasha
  2806 | D:3      | Killed Natasha
  2807 | D:3      | Reached XP level 6. HP: 24/32 MP: 5/7
  2897 | D:3      | Noticed Natasha
  2902 | D:3      | Killed Natasha
  2903 | D:3      | Reached skill level 4 in Unarmed Combat
  3127 | D:3      | Killed Crazy Yiuf
  3242 | D:4      | Noticed Blork the orc
  3250 | D:4      | Killed Blork the orc
  3334 | D:4      | Reached XP level 7. HP: 33/36 MP: 6/8
  3449 | D:4      | Reached skill level 5 in Unarmed Combat
  3965 | D:4      | Found a stormy altar of Qazlal.
  3967 | D:4      | Found an iron altar of Okawaru.
  4002 | D:4      | Found a glowing silver altar of Zin.
  4123 | D:5      | Entered Level 5 of the Dungeon
  4190 | D:5      | Noticed Edmund
  4206 | D:5      | Killed Edmund
  4207 | D:5      | Reached skill level 6 in Unarmed Combat
  4207 | D:5      | Gained mutation: You have razor-sharp teeth. [Vine Stalker
                  | growth]
  4207 | D:5      | Reached XP level 8. HP: 42/42 MP: 9/9
  4216 | D:5      | Found a staircase to the Ecumenical Temple.
  4225 | Temple   | Entered the Ecumenical Temple
  4840 | D:5      | Found a glowing golden altar of the Shining One.
  5113 | D:6      | Reached skill level 7 in Unarmed Combat
  5349 | D:6      | Reached XP level 9. HP: 40/45 MP: 10/10
  5368 | D:6      | Reached skill level 5 in Armour
  5532 | D:6      | Reached skill level 8 in Unarmed Combat
  6000 | D:7      | Found a shadowy altar of Dithmenos.
  6068 | D:7      | Reached skill level 5 in Shields
  6188 | D:7      | Found a bloodstained altar of Trog.
  6290 | D:7      | Reached skill level 9 in Unarmed Combat
  6641 | D:8      | Reached skill level 5 in Fighting
  6641 | D:8      | Reached XP level 10. HP: 51/51 MP: 11/11
  6650 | D:8      | Found a runed translucent door.
  6651 | D:8      | Noticed a sixfirhy
  6674 | D:8      | Identified the +1 robe "Jiotz" {MP+9 Slay+3}
  6847 | D:8      | Found an opulent altar of Gozag.
  6877 | D:8      | Acquired 553 gold pieces
  6884 | D:8      | Became a worshipper of Gozag Ym Sagoz the Greedy
  6933 | D:8      | Bought a pair of runed boots for 172 gold pieces
  7201 | D:9      | Noticed Grum
  7209 | D:9      | HP: 1/51 [wolf[Grum] (4)]
  7213 | D:9      | Slain by a gnoll

Illustrated notes

Levels and vault maps discovered:
D:1:      minmay_arrival_wavy_path, layout_loops_ring,
          shapermc_ecumenical_altar_petra
D:2:      layout_basic, basic_altar, minivault_5
D:3:      layout_rooms, gup_sewer_entry_bowl, gammafunk_ghost_nasty_kobolds,
          chequers_serial_rivers_large_a, st_stairs_7,
          kennysheep_generic_room_2, uniq_crazy_yiuf_cottage, uniq_natasha
D:4:      layout_loops_corners, zin_statuary, minitemple, uniq_blork_the_orc
D:5:      layout_basic, nicolae_tso_besieged_by_evil, lemuel_temple_firewalk_b,
          grunt_decor_cap, kennysheep_generic_room_11, uniq_edmund
D:6:      layout_loops_ring, chequers_arboretum, kennysheep_generic_room_9
D:7:      layout_cave_pools, grunt_dithmenos_smoke, old_standard_altar,
          serial_column_ruins, column_ruins_corridor_plus,
          column_ruins_open_tiny, column_ruins_open_tiny,
          column_ruins_columns_T, column_ruins_open_tiny,
          column_ruins_corridor_dead_end, column_ruins_corridor_corner
D:8:      cheibrodos_shockbox, layout_cave_pools,
          mainiacjoe_overflow_tiny_flanked
D:9:      layout_irregular_city, nicolae_elyvilon_temple_path,
          david_lair_generic, serial_column_ruins, column_ruins_circle_medium,
          column_ruins_open_tiny, column_ruins_open_tiny,
          column_ruins_open_large, column_ruins_open_medium,
          column_ruins_columns_T, column_ruins_open_small,
          column_ruins_corridor_corner, chequers_guarded_unrand_ignorance,
          uniq_grum, uniq_erolcha, uniq_pikel, uniq_maurice
Temple:   jpeg_temple_alley_garden

Skill      XL: |  1  2  3  4  5  6  7  8  9 |
---------------+----------------------------+-----
Fighting       | 3 4 5 |  5.1
Shields        | 3 4 5 |  5.8
Armour         | 3 4 5 |  5.9
Dodging        | 1 2 3 |  3.5
Unarmed Combat | 3 4 6 7 9 |  9.6

Action                   |  1- 3 |  4- 6 |  7- 9 | 10-12 || total
-------------------------+-------+-------+-------+-------++-------
Melee: Unarmed           |   127 |    99 |   358 |    34 ||   618
       Bite              |    28 |    34 |   107 |    11 ||   180
Throw: Throwing net      |       |     2 |     3 |       ||     5
Invok: Call Merchant     |       |       |       |     1 ||     1
  Use: Scroll            |     8 |     3 |     5 |     3 ||    19
       Potion            |       |     2 |       |     1 ||     3
 Stab: Held in net/web   |       |     1 |     1 |       ||     2
Armor: Scale mail        |    40 |    53 |   132 |    22 ||   247
       Skin              |       |       |       |     9 ||     9
Dodge: Dodged            |    41 |    49 |   137 |    23 ||   250
Block: Buckler           |    17 |    19 |   101 |       ||   137
       Kite shield       |       |       |    42 |    35 ||    77

Table legend: (Time is in decaauts)
 A = Elapsed time spent in this place.
 B = Non-inter-level travel time spent in this place.
 C = Inter-level travel time spent in this place.
 D = Time resting spent in this place.
 E = Time spent auto-exploring this place.
 F = Levels seen in this place.
 G = Mean time per level.
                   A        B        C        D        E       F      G
               +--------+--------+--------+--------+--------+-----+--------+
         Total |   7212 |   6798 |    414 |      0 |   5570 |  11 |  655.6 |
       Dungeon |   6793 |   6482 |    311 |      0 |   5303 |   9 |  754.8 |
        Temple |    280 |    177 |    103 |      0 |    172 |   1 |  280.0 |
         Sewer |    138 |    138 |      0 |      0 |     95 |   1 |  138.0 |
               +--------+--------+--------+--------+--------+-----+--------+

Top non-repeatable levels by time:
     D:1: 1449 daAuts
     D:4: 917 daAuts
     D:6: 869 daAuts
     D:3: 859 daAuts
     D:2: 777 daAuts
     D:8: 758 daAuts
     D:5: 691 daAuts
     D:7: 450 daAuts
  Temple: 280 daAuts
   Sewer: 138 daAuts
     D:9: 19 daAuts
